 Dungeon Crawl Stone Soup version 0.27-a0-1189-gb8eb6cee8e (webtiles) character file.

Game seed: 8853513972134495195

1423 Zonian the Poker (level 9, -1/61 HPs)
             Began as a Djinni Warper on May 22, 2021.
             Was a Believer of Qazlal.
             Slain by a troll (8 damage)
             ... on level 5 of the Dungeon.
             The game lasted 00:16:14 (9853 turns).

Zonian the Poker (Djinni Warper)                    Turns: 9853, Time: 00:16:14

Health: -1/61      AC:  7    Str: 17    XL:     9   Next: 2%
Gold:   212        EV: 12    Int: 15    God:    Qazlal [**....] SH:  8 Dex: 20

rFire    + + .     SeeInvis .   f - +4 spear (freeze)
rCold    x . .     Faith    .   c - +0 buckler
rNeg     . . .     Spirit   .   q - +0 ring mail
rPois    ∞         Reflect  .   C - +0 helmet of Philately {Dex+5}
rElec    .         Harm     .   (no cloak)
rCorr    .         Rampage  .   (no gloves)
Will     .....                  (boots unavailable)
Stlth    +.........             x - amulet of the acrobat
HPRegen  0.20/turn              D - +6 ring of strength
MPRegen  0.00/turn              (no ring)

@: flying
A: sickness immunity, fire resistance 2, cold vulnerability 1, float, innate
caster, hp casting, extra vitality 1
a: Renounce Religion, Upheaval


You were on level 5 of the Dungeon.
You worshipped Qazlal.
Qazlal was pleased with you.
You visited 1 branch of the dungeon, and saw 5 of its levels.

You collected 212 gold pieces.

Inventory:

Hand Weapons
 a - a +0 short sword
 e - a +0 dagger of venom
 f - a +4 spear of freezing (weapon)
 y - a +1 falchion of holy wrath
 z - a +0 hunting sling
 E - a +1 flail of protection
Missiles
 i - 40 sling bullets
 A - 46 stones (quivered)
 G - 16 poisoned darts
Armour
 c - a +0 buckler (worn)
 q - a +0 ring mail (worn)
 C - the +0 helmet of Philately (worn) {Dex+5}
   (You found it on level 5 of the Dungeon)

   It affects your dexterity (+5).
Jewellery
 m - a ring of fire
 x - an amulet of the acrobat (around neck)
 D - a +6 ring of strength (left hand)
Wands
 u - a wand of flame (3)
 w - a wand of iceblast (5)
Scrolls
 j - a scroll of vulnerability
 r - a scroll of teleportation
Potions
 d - 4 potions of curing
 g - 2 potions of attraction
 h - 2 potions of mutation {unknown}
 k - a potion of heal wounds {unknown}
 l - a potion of degeneration {unknown}
 n - a potion of berserk rage {unknown}
 o - 2 potions of brilliance {unknown}
 p - a potion of flight {unknown}
 s - a potion of invisibility {unknown}
 t - 2 potions of haste {unknown}
 v - a potion of might {unknown}


   Skills:
 + Level 3.5 Fighting
 - Level 1.9 Short Blades
 + Level 5.9 Polearms
 - Level 0.3(0.6) Slings
 - Level 0.7(0.9) Throwing
 + Level 4.1 Armour
 + Level 3.2 Dodging
 + Level 2.1 Shields
 + Level 2.8 Spellcasting
 + Level 3.1 Invocations
 - Level 1.0 Evocations


You couldn't memorise any spells.
You knew the following spells:

 Your Spells              Type           Power      Damage    Failure   Level
a - Blink                 Tloc           N/A        N/A       21%         2
b - Lesser Beckoning      Tloc           5%         N/A       38%         3
c - Gell's Gravitas       Tloc           5%         N/A       38%         3
d - Teleport Other        Tloc           10%        N/A       38%         3
e - Manifold Assault      Tloc           10%        N/A       98%         5
f - Shock                 Conj/Air       40%        1d5       14%         1
g - Poisonous Vapours     Pois/Air       20%        N/A       21%         2
h - Corpse Rot            Necr/Air       N/A        N/A       21%         2
i - Airstrike             Air            5%         N/A       80%         4
Your spell library was empty.

Dungeon Overview and Level Annotations

Branches:
Dungeon (5/15)
 Temple: D:4-7

Altars:
Dithmenos
Kikubaaqudgha
Nemelex Xobeh
Qazlal
Trog

Annotations:
D:2 Natasha


Innate Abilities, Weirdness & Mutations

You are immune to sickness and miasma.
You are immune to poison.
Your flesh is very heat resistant. (rF++)
You are vulnerable to cold. (rC-)
You float through the air rather than walking.
You learn spells naturally, not from books.
Your magical power is your life essence.
You have superior vitality. (+4 HP)


Message History

A troll is nearby!
Unknown command.
Aiming: Iceblast
Press: ? - help, Shift-Dir - straight line, f - troll
Aim: a troll The mass of ice explodes!
The iceblast engulfs the troll!
The troll is moderately wounded.
Unknown command.
Aiming: Upheaval
Press: ? - help, Dir - move target, f/p - troll
Aim: a troll (moderately wounded) Magma suddenly erupts from the ground!
The blast of magma engulfs the troll!
The troll is severely wounded.
Unknown command.
You barely miss the troll.
The troll is severely wounded.
The troll bites you. The troll claws you! x2
You barely miss the troll.
The troll is heavily wounded.
The troll barely misses you. The troll claws you. The troll closely misses you.
Unknown command.
You hit the troll. You freeze the troll.
The troll is severely wounded.
You puncture the troll! You freeze the troll.
The troll is almost dead.
The troll bites you! The troll claws you!
* * * LOW HITPOINT WARNING * * *
The troll misses you.
Unknown command.
You closely miss the troll.
The troll is almost dead.
You block the troll's attack. x2; The troll claws you.
* * * LOW HITPOINT WARNING * * *
Unknown command.
Okay, then.
You hit the troll but do no damage.
The troll is almost dead.
The troll bites you!
You die...

##### #...# #.# #....#.#
....###...# #.# #.####.#
.#.#.#.#..# #.# #.# #.#
.#...#....# #.# #.# #.#
.###...#..# #.# #.####.#
.# ###...# #.# #......# ##
#.########.########.######
#.....(..........)[.#
#######...#@T######.#
##.....###......#)#
#..##..###..##..#.#
########..###..#..###..#.#
T..Y.......##.....##..#..#
#######..................#
#..##.........##..##
#####T####..._...####.#
#......##.........##..#


You could see a troll.

Vanquished Creatures
  A yak (D:4)
  Eustachio (D:4)
  Menkaure (D:4)
  A black bear (D:4)
  2 necrophages
  An ogre (D:5)
  2 scorpions
  2 water moccasin skeletons (D:5)
  A centaur zombie (D:5)
  5 hounds
  2 orc priests
  Ijyb (D:4)
  An orc wizard (D:3)
  A hound skeleton (D:4)
  A hound zombie (D:5)
  4 adders
  A howler monkey skeleton (D:5)
  An ufetubus (D:5)
  3 worms (D:3)
  2 dart slugs
  12 orcs
  8 ball pythons
  A bat zombie (D:5)
  7 endoplasms
  A giant cockroach (D:2)
  6 goblins
  7 hobgoblins
  12 jackals
  3 kobolds
  4 quokkas
  8 bats
  4 frilled lizards
  A jackal skeleton (D:4)
  4 rats
112 creatures vanquished.

Vanquished Creatures (others)
  4 toadstools (D:1)
4 creatures vanquished.

Grand Total: 116 creatures vanquished

Notes
Turn   | Place    | Note
-------+----------+-------------------------------------------
     0 | D:1      | Zonian the Djinni Warper began the quest for the Orb.
     0 | D:1      | Reached XP level 1. HP: 18/18 MP: 0/0
    30 | D:1      | Found a faded altar of an unknown god.
   252 | D:1      | Became a worshipper of Qazlal Stormbringer
   252 | D:1      | Reached * piety under Qazlal
   533 | D:1      | Reached XP level 2. HP: 14/23 MP: 0/0
  1433 | D:1      | Reached skill level 1 in Polearms
  1433 | D:1      | Reached XP level 3. HP: 28/28 MP: 0/0
  1433 | D:1      | Learned a level 1 spell: Shock
  1941 | D:2      | Noticed a necrophage
  1949 | D:2      | Killed a necrophage
  1950 | D:2      | Reached skill level 2 in Polearms
  1950 | D:2      | Reached XP level 4. HP: 21/34 MP: 0/0
  1950 | D:2      | Reached XP level 5. HP: 24/39 MP: 0/0
  1950 | D:2      | Learned a level 2 spell: Poisonous Vapours
  2702 | D:2      | Reached ** piety under Qazlal
  2772 | D:2      | Noticed Natasha
  3750 | D:3      | Reached XP level 6. HP: 32/45 MP: 0/0
  3970 | D:3      | Reached skill level 1 in Invocations
  4386 | D:3      | Reached skill level 3 in Polearms
  4766 | D:3      | Found a sparkling altar of Nemelex Xobeh.
  5723 | D:4      | Noticed Ijyb
  5957 | D:4      | Noticed a black bear
  5971 | D:4      | Killed a black bear
  5972 | D:4      | Reached skill level 1 in Shields
  5972 | D:4      | Reached XP level 7. HP: 5/49 MP: 0/0
  5972 | D:4      | Learned a level 2 spell: Corpse Rot
  6382 | D:4      | Killed Ijyb
  6465 | D:4      | Noticed Eustachio
  6487 | D:4      | Killed Eustachio
  6488 | D:4      | Reached skill level 4 in Polearms
  6853 | D:4      | Noticed Menkaure
  6858 | D:4      | Killed Menkaure
  7140 | D:4      | Found a bloodstained altar of Trog.
  7326 | D:4      | Reached XP level 8. HP: 55/56 MP: 0/0
  8117 | D:4      | Reached skill level 5 in Polearms
  8146 | D:5      | Entered Level 5 of the Dungeon
  8215 | D:5      | Identified the +0 helmet of Philately {Dex+5}
  8378 | D:5      | Reached skill level 1 in Evocations
  9079 | D:5      | Found a shadowy altar of Dithmenos.
  9392 | D:5      | Noticed a yak
  9393 | D:5      | Noticed a troll
  9448 | D:4      | Killed a yak
  9449 | D:4      | Reached XP level 9. HP: 44/61 MP: 0/0
  9449 | D:4      | Learned a level 4 spell: Airstrike
  9853 | D:5      | Slain by a troll

Illustrated notes

Levels and vault maps discovered:
D:1:      ldierk_walled_garden_2, layout_basic,
          ebering_ecumenical_altar_abandoned, minmay_misc_feat_four_crosses
D:2:      layout_loops_cross, uniq_natasha
D:3:      layout_basic, old_standard_altar, hangedman_decor_opposing
D:4:      layout_basic, lightli_temple_of_fire, uniq_eustachio, uniq_menkaure,
          uniq_ijyb
D:5:      layout_basic, lemuel_zombie_altar_kikubaaqudgha,
          nicolae_dithmenos_shadow_blocks, chequers_serial_rivers_micro_d,
          minmay_manual_monstrance

Skill      XL: |  1  2  3  4  5  6  7  8 |
---------------+-------------------------+-----
Polearms       | 1 2 3 4 5 |  5.9
Armour         | 2 3 4 |  4.1
Invocations    | 1 2 3 |  3.1
Shields        | 1 2 |  2.1
Fighting       | 3 |  3.5
Dodging        | 3 |  3.2
Evocations     | 1 |  1.0
Short Blades   | |  1.9
Slings         | |  0.3
Throwing       | |  0.7
Spellcasting   | |  2.8

Action                   |  1- 3 |  4- 6 |  7- 9 || total
-------------------------+-------+-------+-------++-------
Melee: Spear             |    70 |   200 |   200 ||   470
       Short sword       |     9 |       |       ||     9
 Fire: Hunting sling     |       |       |     4 ||     4
Throw: Boomerang         |       |     5 |       ||     5
       Dart              |       |       |     1 ||     1
 Cast: Blink             |       |       |     1 ||     1
Invok: Upheaval          |       |     1 |     4 ||     5
Evoke: Wand              |       |       |     9 ||     9
  Use: Scroll            |     3 |     4 |     4 ||    11
Armor: Leather armour    |    12 |    18 |       ||    30
       Ring mail         |       |    17 |    23 ||    40
Dodge: Dodged            |    31 |    68 |    79 ||   178
Block: Buckler           |    10 |    46 |    47 ||   103

Table legend: (Time is in decaauts)
 A = Elapsed time spent in this place.
 B = Non-inter-level travel time spent in this place.
 C = Inter-level travel time spent in this place.
 D = Time resting spent in this place.
 E = Time spent auto-exploring this place.
 F = Levels seen in this place.
 G = Mean time per level.
                   A        B        C        D        E       F      G
               +--------+--------+--------+--------+--------+-----+--------+
         Total |   9856 |   9701 |    155 |   5173 |   3200 |   5 | 1971.2 |
       Dungeon |   9856 |   9701 |    155 |   5173 |   3200 |   5 | 1971.2 |
               +--------+--------+--------+--------+--------+-----+--------+

Top non-repeatable levels by time:
     D:3: 2694 daAuts
     D:4: 2316 daAuts
     D:1: 1886 daAuts
     D:2: 1589 daAuts
     D:5: 1369 daAuts
